General information
- name: BNet
- type: Ladder team game (AT/RT)
- host: Battle.net
- saver: KeKeZergRush
map: TwistedMeadows
- players: 4
- length: 261:46
- speed: Fast
- version: 1.24 W3XP
- replay type: Public
» download(715 KB)
Players
team 1 (winner)
KeKeZergRush (
purple | 37 APM | 9632 actions | 261:46)
8 Mountain King
3 Storm Bolt
3 Bash
1 Avatar
1 Thunder Clap
7 Paladin
3 Holy Light
3 Divine Shield
1 Devotion Aura
» actions
| Assign group hotkey | 25 | |
| Basic commands | 83 | |
| Build / train | 132 | |
| ESC pressed | 8 | |
| Enter build submenu | 82 | |
| Enter hero's abilities submenu | 16 | |
| Give item / drop item | 36 | |
| Right click | 3525 | |
| Select / deselect | 1749 | |
| Select group hotkey | 3514 | |
| Use ability | 461 | |
9632 total
» units
| Peasant | 14 | |
| Mortar Team | 6 | |
| Dragonhawk Rider | 8 | |
| Siege Engine | 14 | |
| Goblin Zeppelin | 3 | |
| Flying Machine | 1 | |
46 total
» upgrades
| Masonry | 3 | |
| Lumber Harvesting | 2 | |
| Flare | 1 | |
| Gunpowder | 3 | |
| Cloud | 1 | |
| Animal War Training | 1 | |
| Swords | 2 | |
| Barrage | 1 | |
| Plating | 3 | |
17 total
» buildings
| Altar of Kings | 2 | |
| Farm | 17 | |
| Lumber Mill | 2 | |
| Scout Tower | 81 | |
| Arcane Tower | 1 | |
| Guard Tower | 33 | |
| Keep | 2 | |
| Blacksmith | 2 | |
| Arcane Vault | 2 | |
| Workshop | 3 | |
| Castle | 2 | |
| Gryphon Aviary | 2 | |
| Barracks | 1 | |
| Town Hall | 2 | |
152 total
» build order
00:09 Altar of Kings
00:11 Farm
00:20 Lumber Mill
00:49 Farm
01:22 Scout Tower
01:28 Scout Tower
01:49 Arcane Tower
01:56 Guard Tower
02:08 Scout Tower
02:20 Scout Tower
02:36 Guard Tower
03:50 Guard Tower
03:51 Keep
03:55 Scout Tower
03:56 Scout Tower
03:57 Scout Tower
03:58 Scout Tower
03:59 Scout Tower
04:00 Scout Tower
04:26 Guard Tower
04:28 Guard Tower
04:32 Farm
05:19 Guard Tower
05:24 Guard Tower
06:09 Scout Tower
06:10 Scout Tower
06:11 Scout Tower
06:12 Scout Tower
06:51 Guard Tower
07:09 Guard Tower
07:31 Blacksmith
07:50 Arcane Vault
08:13 Scout Tower
08:14 Scout Tower
08:16 Scout Tower
08:17 Scout Tower
08:47 Workshop
08:52 Workshop
09:10 Farm
09:13 Farm
09:24 Farm
10:01 Guard Tower
10:04 Guard Tower
10:04 Guard Tower
12:41 Castle
13:13 Gryphon Aviary
13:14 Gryphon Aviary
14:08 Barracks
14:31 Farm
16:43 Town Hall
16:49 Scout Tower
16:50 Scout Tower
16:51 Scout Tower
16:52 Scout Tower
16:53 Scout Tower
16:54 Scout Tower
16:56 Scout Tower
16:57 Scout Tower
16:59 Scout Tower
17:00 Scout Tower
17:01 Scout Tower
17:02 Scout Tower
17:02 Scout Tower
19:12 Guard Tower
21:09 Guard Tower
21:21 Scout Tower
21:22 Scout Tower
21:24 Scout Tower
21:25 Scout Tower
21:27 Scout Tower
21:27 Scout Tower
21:28 Scout Tower
21:29 Scout Tower
21:30 Scout Tower
21:31 Scout Tower
21:32 Scout Tower
22:00 Guard Tower
22:50 Scout Tower
22:53 Scout Tower
22:54 Scout Tower
22:55 Scout Tower
24:16 Guard Tower
27:29 Scout Tower
27:29 Scout Tower
27:30 Scout Tower
27:31 Scout Tower
28:06 Guard Tower
29:09 Scout Tower
32:41 Town Hall
33:08 Lumber Mill
34:26 Scout Tower
34:28 Scout Tower
34:34 Scout Tower
34:35 Scout Tower
35:08 Guard Tower
35:22 Scout Tower
35:23 Scout Tower
35:26 Scout Tower
35:29 Scout Tower
35:56 Guard Tower
36:01 Scout Tower
36:02 Scout Tower
36:04 Scout Tower
36:05 Scout Tower
36:07 Scout Tower
36:08 Scout Tower
36:09 Scout Tower
36:10 Scout Tower
36:15 Guard Tower
36:22 Scout Tower
36:23 Scout Tower
36:25 Scout Tower
36:26 Scout Tower
36:28 Scout Tower
36:56 Guard Tower
37:03 Guard Tower
37:24 Guard Tower
37:32 Guard Tower
37:44 Scout Tower
37:45 Scout Tower
37:54 Scout Tower
37:56 Scout Tower
38:01 Guard Tower
38:20 Guard Tower
38:52 Guard Tower
39:10 Guard Tower
39:36 Keep
39:41 Guard Tower
39:58 Blacksmith
40:43 Farm
40:44 Farm
43:14 Altar of Kings
43:26 Scout Tower
43:27 Scout Tower
43:29 Scout Tower
43:31 Scout Tower
43:56 Guard Tower
43:59 Farm
44:12 Guard Tower
44:17 Castle
44:19 Workshop
44:24 Guard Tower
44:44 Farm
44:44 Farm
44:50 Guard Tower
45:28 Farm
45:29 Farm
50:40 Farm
50:42 Farm
50:44 Farm
94:26 Scout Tower
195:43 Arcane Vault
» items
| Boots of Speed | 2 | |
| Staff of Teleportation | 2 | |
| Lesser Clarity Potion | 2 | |
| Scroll of Town Portal | 3 | |
| Staff of Sanctuary | 1 | |
| Orb of Lightning | 2 | |
| Mechanical Critter | 2 | |
14 total
SERIOUSCRAFT (
red | 19 APM | 4633 actions | 248:25)
8 Blademaster
3 Wind Walk
3 Critical Strike
2 Mirror Image
» actions
| Assign group hotkey | 31 | |
| Basic commands | 11 | |
| Build / train | 56 | |
| Enter build submenu | 36 | |
| Enter hero's abilities submenu | 11 | |
| Give item / drop item | 8 | |
| Right click | 2553 | |
| Select / deselect | 1004 | |
| Select group hotkey | 658 | |
| Use ability | 265 | |
4633 total
» units
» upgrades
| Ranged Weapons | 3 | |
| Liquid Fire | 1 | |
| Armor | 1 | |
| Reinforced Defenses | 1 | |
6 total
» buildings
| Altar of Storms | 3 | |
| Orc Burrow | 5 | |
| War Mill | 1 | |
| Voodoo Lounge | 2 | |
| Watch Tower | 16 | |
| Stronghold | 1 | |
| Beastiary | 3 | |
| Fortress | 1 | |
32 total
» build order
00:10 Altar of Storms
00:23 Orc Burrow
00:56 War Mill
01:20 Voodoo Lounge
02:10 Orc Burrow
02:14 Watch Tower
02:38 Watch Tower
04:07 Watch Tower
04:28 Watch Tower
04:32 Watch Tower
04:58 Stronghold
05:29 Watch Tower
05:39 Watch Tower
05:41 Watch Tower
06:50 Watch Tower
06:53 Watch Tower
07:31 Beastiary
07:34 Beastiary
07:37 Beastiary
07:47 Orc Burrow
07:48 Orc Burrow
08:37 Watch Tower
08:40 Watch Tower
08:42 Fortress
13:47 Watch Tower
31:06 Watch Tower
31:06 Watch Tower
31:08 Watch Tower
54:18 Orc Burrow
56:04 Altar of Storms
56:20 Altar of Storms
117:34 Voodoo Lounge
» items
| Healing Salve | 1 | |
| Lesser Clarity Potion | 1 | |
| Boots of Speed | 1 | |
| Staff of Teleportation | 1 | |
| Orb of Lightning | 1 | |
| Potion of Lesser Invulnerability | 2 | |
7 total
team 2 (loser)

»
Chora]BLz (
blue | 37 APM | 9662 actions | 261:44)
6 Death Knight
3 Death Coil
2 Unholy Aura
1 Animate Dead
4 Naga Sea Witch
2 Frost Arrows
2 Forked Lightning
» actions
| Assign group hotkey | 87 | |
| Basic commands | 34 | |
| Build / train | 131 | |
| ESC pressed | 1 | |
| Enter build submenu | 55 | |
| Enter hero's abilities submenu | 11 | |
| Give item / drop item | 8 | |
| Remove unit from queue | 8 | |
| Right click | 3824 | |
| Select / deselect | 1368 | |
| Select group hotkey | 3933 | |
| Use ability | 199 | |
9662 total
» units
| Acolyte | 33 | |
| Ghoul | 8 | |
| Crypt Fiend | 9 | |
| Forest Troll Berserker | 4 | |
| Goblin Shredder | 1 | |
| Frost Wyrm | 10 | |
65 total
» upgrades
| Creature Attack | 3 | |
| Freezing Breath | 1 | |
| Creature Carapace | 3 | |
7 total
» buildings
| Crypt | 1 | |
| Graveyard | 2 | |
| Altar of Darkness | 2 | |
| Ziggurat | 26 | |
| Tomb of Relics | 3 | |
| Nerubian Tower | 4 | |
| Spirit Tower | 5 | |
| Halls of the Dead | 2 | |
| Sacrificial Pit | 1 | |
| Necropolis | 3 | |
| Black Citadel | 2 | |
| Boneyard | 4 | |
55 total
» build order
00:06 Crypt
00:13 Graveyard
00:43 Altar of Darkness
01:03 Ziggurat
01:27 Tomb of Relics
02:05 Ziggurat
03:16 Nerubian Tower
04:44 Ziggurat
07:19 Spirit Tower
07:23 Ziggurat
07:58 Ziggurat
08:01 Ziggurat
08:02 Ziggurat
08:08 Ziggurat
08:25 Ziggurat
08:32 Ziggurat
09:09 Halls of the Dead
10:42 Ziggurat
10:51 Spirit Tower
11:38 Spirit Tower
13:57 Sacrificial Pit
17:17 Ziggurat
17:19 Ziggurat
19:11 Spirit Tower
19:13 Ziggurat
20:27 Spirit Tower
23:29 Necropolis
26:48 Necropolis
30:10 Ziggurat
31:57 Ziggurat
31:59 Ziggurat
35:58 Halls of the Dead
37:21 Necropolis
38:07 Ziggurat
38:09 Ziggurat
38:12 Ziggurat
40:36 Altar of Darkness
40:39 Nerubian Tower
40:41 Ziggurat
42:13 Black Citadel
42:15 Tomb of Relics
42:17 Ziggurat
42:18 Ziggurat
43:24 Ziggurat
43:29 Graveyard
43:32 Nerubian Tower
44:42 Boneyard
46:13 Boneyard
47:26 Boneyard
48:06 Boneyard
49:59 Tomb of Relics
50:00 Ziggurat
50:02 Ziggurat
51:09 Nerubian Tower
» items
| Rod of Necromancy | 3 | |
| Dust of Appearance | 6 | |
| Sacrificial Skull | 1 | |
| Potion of Mana | 1 | |
| Scroll of Town Portal | 6 | |
| Staff of Teleportation | 1 | |
| Scroll of Healing | 3 | |
| Potion of Lesser Invulnerability | 2 | |
| Scroll of Protection | 1 | |
| Potion of Healing | 2 | |
| Orb of Corruption | 1 | |
27 total
pusH]blZ (
teal | 24 APM | 6375 actions | 261:44)
10 Death Knight
3 Death Coil
3 Unholy Aura
1 Animate Dead
3 Death Pact
» actions
| Assign group hotkey | 436 | |
| Basic commands | 21 | |
| Build / train | 131 | |
| Enter build submenu | 48 | |
| Enter hero's abilities submenu | 10 | |
| Give item / drop item | 10 | |
| Right click | 3832 | |
| Select / deselect | 1181 | |
| Select group hotkey | 481 | |
| Use ability | 225 | |
6375 total
» units
| Acolyte | 21 | |
| Ghoul | 6 | |
| Crypt Fiend | 9 | |
| Forest Troll Shadow Priest | 1 | |
| Frost Wyrm | 39 | |
| Goblin Zeppelin | 2 | |
| Gargoyle | 2 | |
| Goblin Sapper | 2 | |
82 total
» upgrades
| Creature Attack | 3 | |
| Creature Carapace | 3 | |
| Freezing Breath | 1 | |
| Web | 1 | |
| Burrow | 1 | |
9 total
» buildings
| Graveyard | 1 | |
| Crypt | 1 | |
| Ziggurat | 21 | |
| Altar of Darkness | 1 | |
| Tomb of Relics | 1 | |
| Halls of the Dead | 5 | |
| Black Citadel | 2 | |
| Sacrificial Pit | 1 | |
| Boneyard | 2 | |
| Nerubian Tower | 1 | |
| Spirit Tower | 6 | |
| Necropolis | 5 | |
47 total
» build order
00:10 Graveyard
00:19 Crypt
00:41 Ziggurat
00:59 Altar of Darkness
01:20 Tomb of Relics
02:05 Ziggurat
02:09 Ziggurat
03:30 Ziggurat
05:23 Halls of the Dead
05:41 Ziggurat
07:54 Black Citadel
09:42 Sacrificial Pit
09:52 Ziggurat
10:49 Boneyard
11:12 Boneyard
11:52 Ziggurat
11:54 Ziggurat
11:57 Ziggurat
12:40 Ziggurat
12:53 Nerubian Tower
12:56 Spirit Tower
13:33 Spirit Tower
15:07 Ziggurat
15:54 Spirit Tower
21:16 Ziggurat
21:18 Ziggurat
21:45 Necropolis
33:10 Halls of the Dead
34:29 Spirit Tower
35:34 Black Citadel
43:34 Necropolis
56:27 Necropolis
58:07 Ziggurat
58:08 Ziggurat
58:13 Ziggurat
58:15 Ziggurat
58:23 Ziggurat
61:21 Spirit Tower
78:51 Necropolis
80:33 Ziggurat
80:38 Ziggurat
80:53 Ziggurat
83:06 Spirit Tower
84:51 Necropolis
» items
| Rod of Necromancy | 1 | |
| Dust of Appearance | 3 | |
| Scroll of Protection | 3 | |
| Scroll of Town Portal | 1 | |
| Scroll of Healing | 1 | |
9 total
Chat log
(00:30 / Allies) KeKeZergRush: yep
(00:33 / Allies) KeKeZergRush: both rush same one
(01:38 / All) Chora]BLz: gl
(01:41 / All) KeKeZergRush: same
(01:45 / All) SERIOUSCRAFT: gl hf!!!!!!!!!!!!!!!!!!!!!!!!!!!!!!!!!!!!!!!!!!!!!!!!!!!!!!!!!!!!!!!!!!!!!!!!!!!!!!
(01:50 / All) pusH]blZ: do u disc hack too?
(01:54 / All) pusH]blZ: Like eveyr other 2's combo
(01:58 / All) SERIOUSCRAFT: we got drophacked today
(02:02 / All) pusH]blZ: so did we
(02:03 / All) SERIOUSCRAFT: it was awesome
(02:05 / All) SERIOUSCRAFT: got a boner
(02:11 / All) Chora]BLz: o
(02:12 / All) pusH]blZ: rofl
(02:32 / All) pusH]blZ: u love the boner u get from getting disced?
(03:27 / Allies) KeKeZergRush: same
(03:47 / Allies) KeKeZergRush: im b
(03:48 / All) SERIOUSCRAFT: lol
(04:05 / Allies) KeKeZergRush: dual ud
(04:06 / Allies) KeKeZergRush: fun times
(04:10 / Allies) KeKeZergRush: he went dk as well
(04:14 / Allies) KeKeZergRush: 1 random
(04:15 / Allies) KeKeZergRush: i think
(04:21 / Allies) KeKeZergRush: just saw his hero tho
(04:45 / Allies) KeKeZergRush: one sec let me creep and get 2 quick
(05:30 / Allies) KeKeZergRush: getting boots and mana by you
(05:31 / Allies) KeKeZergRush: and ready
(06:45 / Allies) KeKeZergRush: care teal there
(07:01 / Allies) KeKeZergRush: lvl 3
(07:54 / Allies) KeKeZergRush: got surrounded by both armies
(09:18 / Allies) KeKeZergRush: if you can spare gold quicker morts
(09:29 / All) SERIOUSCRAFT: lol
(10:17 / Allies) KeKeZergRush: think frost already?
(11:25 / Allies) KeKeZergRush: boneyards going up
(12:56 / Allies) KeKeZergRush: sure want tanks?
(13:04 / Allies) KeKeZergRush: hawks
(14:22 / All) Chora]BLz: u guys have a lot of time on ur hand tonights eh?
(14:29 / All) SERIOUSCRAFT: sure you?
(14:32 / All) Chora]BLz: not rly
(14:36 / All) Chora]BLz: tryin to drink
(14:38 / All) Chora]BLz: my face off
(14:39 / All) SERIOUSCRAFT: ok gg then
(14:40 / All) Chora]BLz: n smoke
(14:42 / All) Chora]BLz: nah
(14:44 / All) Chora]BLz: not gunna lose this shit
(14:47 / All) Chora]BLz: bull shit game
(14:52 / All) pusH]blZ: u lost already fellas
(14:53 / All) Chora]BLz: this shit works if u tower xpos
(16:17 / Allies) KeKeZergRush: cloud and bat
(17:37 / Allies) KeKeZergRush: hitting
(18:38 / Allies) KeKeZergRush: help
(20:12 / Allies) KeKeZergRush: im losing my main
(21:05 / Allies) KeKeZergRush: bats
(26:36 / Allies) KeKeZergRush: expo goign up
(27:00 / Allies) KeKeZergRush: theyh itting this
(28:23 / Allies) KeKeZergRush: i dont get why we never batted their air
(29:21 / All) Chora]BLz: peace
(32:51 / All) pusH]blZ: I serisouly hope u have 100000 bata
(32:54 / All) pusH]blZ: pussy
(32:57 / All) SERIOUSCRAFT: lol u mad
(33:01 / All) pusH]blZ: no
(33:02 / All) pusH]blZ: ur bad
(33:07 / All) SERIOUSCRAFT: think u mad
(33:11 / All) pusH]blZ: yeha so mad
(34:37 / All) pusH]blZ: u guys suck a giant dick
(35:38 / Allies) KeKeZergRush: where did zep go
(36:47 / All) pusH]blZ: b
(38:11 / Allies) KeKeZergRush: wow im lagging pretty bad now
(38:48 / All) SERIOUSCRAFT: lol
(40:05 / All) KeKeZergRush: hi
(41:59 / Allies) KeKeZergRush: zep here
(45:31 / All) SERIOUSCRAFT: hi
(46:19 / All) pusH]blZ: hi
(46:19 / Allies) KeKeZergRush: waiting on castle
(46:31 / Allies) KeKeZergRush: about 1/8 left
(46:45 / Allies) KeKeZergRush: yep
(46:49 / Allies) KeKeZergRush: had it from last base
(46:53 / Allies) KeKeZergRush: upgrade attack
(53:44 / Allies) KeKeZergRush: out
(54:01 / Allies) KeKeZergRush: got a burrow to tav?
(56:38 / Allies) KeKeZergRush: technically
(56:47 / Allies) KeKeZergRush: putting tanks there doesnt that open them up to attack from cliff
(57:43 / Allies) KeKeZergRush: how much?
(58:06 / Allies) KeKeZergRush: 150 gold left
(58:07 / Allies) KeKeZergRush: woot
(60:20 / Allies) KeKeZergRush: which one?
(60:42 / Allies) KeKeZergRush: clear
(60:46 / Allies) KeKeZergRush: wth
(60:59 / Allies) KeKeZergRush: dont got enough to build hall
(61:14 / Allies) KeKeZergRush: just scanned us
(61:17 / Allies) KeKeZergRush: saw zepp
(63:00 / Allies) KeKeZergRush: just scanned us
(64:52 / All) SERIOUSCRAFT: hi
(65:00 / Allies) KeKeZergRush: wow
(65:16 / Allies) KeKeZergRush: wish i had those hawks
(66:01 / Allies) KeKeZergRush: they could do it if they meat wagon from ledge onto tanks
(67:13 / Allies) KeKeZergRush: still havent taken that island
(68:42 / Allies) KeKeZergRush: getting antsy and bored
(68:50 / Allies) KeKeZergRush: me
(70:40 / All) SERIOUSCRAFT: lol
(70:43 / All) SERIOUSCRAFT: still trying i see
(71:27 / All) pusH]blZ: ur 3 bad heros cant kill my one
(71:32 / All) pusH]blZ: 3 pally
(71:34 / All) pusH]blZ: 4 mk
(71:37 / All) pusH]blZ: 6 bm
(71:38 / All) pusH]blZ: oh god
(71:49 / All) SERIOUSCRAFT: sounds like someone's a sour grape
(71:50 / All) KeKeZergRush: drop him at island and find out
(73:51 / All) SERIOUSCRAFT: lol
(74:13 / All) KeKeZergRush: ohh shit whose hero ran
(74:15 / All) KeKeZergRush: not ours
(74:19 / All) pusH]blZ: stfu
(74:21 / All) Chora]BLz: great
(74:24 / All) SERIOUSCRAFT: yeah sounds about right
(74:39 / All) Chora]BLz: if u think about the logic of what u just said. You should die
(74:46 / All) SERIOUSCRAFT: who just threw all their shit away at our towers and gave us all free exp
(74:52 / All) SERIOUSCRAFT: think u know
(74:54 / All) Chora]BLz: maybe a house fire or a scuba diving accident
(75:32 / Allies) KeKeZergRush: use staff
(78:21 / Allies) KeKeZergRush: teal took bottom right island as well
(79:07 / Allies) KeKeZergRush: you move tanks there
(81:14 / Allies) KeKeZergRush: still didnt even touch top right
(82:01 / Allies) KeKeZergRush: mirror jumping
(83:00 / Allies) KeKeZergRush: try mirror image
(83:04 / Allies) KeKeZergRush: see what happens
(83:40 / Allies) KeKeZergRush: using dotts
(86:31 / Allies) KeKeZergRush: bastard
(89:10 / Allies) KeKeZergRush: took that finally
(89:27 / All) KeKeZergRush: can you guys put 7 acos on that mine
(89:30 / All) KeKeZergRush: im getting bored
(89:38 / All) Chora]BLz: haha
(89:43 / All) Chora]BLz: ur gettin bored?
(89:47 / All) Chora]BLz: i started this battle
(89:51 / All) Chora]BLz: now u end the war
(89:57 / All) KeKeZergRush: i think we killed ur dk
(90:00 / All) KeKeZergRush: that started the war
(90:02 / All) KeKeZergRush: but okay
(90:02 / All) pusH]blZ: nope
(90:04 / All) SERIOUSCRAFT: lol
(90:04 / All) pusH]blZ: he got out
(90:05 / All) pusH]blZ: alive
(90:11 / All) KeKeZergRush: in your base?
(90:12 / All) KeKeZergRush: at start of game
(90:18 / All) pusH]blZ: rofl
(90:19 / All) KeKeZergRush: better watch replay there bub
(90:23 / All) pusH]blZ: ur bm died too
(90:24 / All) pusH]blZ: nigger
(90:25 / All) pusH]blZ: spic
(90:26 / All) pusH]blZ: jew
(90:27 / All) SERIOUSCRAFT: hey last i checked you're the ones not being able to kill our island
(90:28 / All) KeKeZergRush: i dont have a bm
(90:29 / All) KeKeZergRush: sorry
(90:38 / All) Chora]BLz: its a fuckin island
(90:40 / All) Chora]BLz: with defense
(90:42 / All) KeKeZergRush: congrats
(90:45 / All) Chora]BLz: its gunna be hard
(90:45 / All) KeKeZergRush: no man is an island
(91:03 / All) SERIOUSCRAFT: an island of humanity
(91:12 / All) KeKeZergRush: humility
(91:37 / All) KeKeZergRush: can i give you guys money
(91:41 / All) KeKeZergRush: and you buy me a zaepp
(91:45 / All) KeKeZergRush: zepp
(91:47 / All) KeKeZergRush: please
(91:50 / All) pusH]blZ: no
(91:54 / All) pusH]blZ: i have over 10k gold
(91:55 / All) KeKeZergRush: and im the jew
(91:57 / All) pusH]blZ: atm
(91:58 / All) KeKeZergRush: ha
(92:05 / All) KeKeZergRush: congrats your mom must be proud
(92:14 / All) SERIOUSCRAFT: they could buy expensive items
(92:16 / All) SERIOUSCRAFT: then drop them
(92:20 / All) SERIOUSCRAFT: and you sell them
(92:26 / All) SERIOUSCRAFT: it can be done!!!!!
(92:32 / All) KeKeZergRush: please they are jew/niggers
(92:37 / All) KeKeZergRush: they would steal my wallet before that
(92:48 / All) KeKeZergRush: cant you afford better internet connection with all them golds
(94:16 / Allies) KeKeZergRush: can make one scan tower
(94:35 / Allies) KeKeZergRush: fuck
(94:36 / Allies) KeKeZergRush: no sight
(94:38 / Allies) KeKeZergRush: doesnt matter
(95:23 / All) pusH]blZ: Move those tanks
(95:49 / Allies) KeKeZergRush: dont know
(95:53 / Allies) KeKeZergRush: heard guard tower
(96:54 / Allies) KeKeZergRush: saw teal
(97:02 / Allies) KeKeZergRush: not sure
(97:06 / Allies) KeKeZergRush: popped in and out
(97:24 / All) SERIOUSCRAFT: hi
(97:32 / All) pusH]blZ: its funny u guys are stranded
(97:35 / All) pusH]blZ: On that island
(97:41 / All) SERIOUSCRAFT: i got nowhere to be son
(97:46 / All) pusH]blZ: me either
(97:48 / All) KeKeZergRush: its funny you had about 10X the gold and still cant end this game
(97:57 / All) pusH]blZ: ur on a island with 100 towers
(97:58 / All) pusH]blZ: and tanks
(98:00 / All) pusH]blZ: nigger
(98:01 / All) SERIOUSCRAFT: that sums it up nicelt
(98:09 / All) KeKeZergRush: am i a jew, spic, or nigger
(98:11 / All) KeKeZergRush: make up your mind
(98:12 / All) KeKeZergRush: shit
(98:14 / All) pusH]blZ: all the above
(98:17 / All) pusH]blZ: + more
(98:18 / All) SERIOUSCRAFT: look be specific here
(98:22 / All) KeKeZergRush: didnt know we were in the same family
(98:25 / All) KeKeZergRush: can i call you brother
(98:37 / All) SERIOUSCRAFT: sometimes my enemies call me kid
(98:42 / All) SERIOUSCRAFT: kid you are my son
(98:51 / All) KeKeZergRush: like luke i am your father
(98:56 / All) pusH]blZ: 15 frosts
(99:02 / All) pusH]blZ: u have 2 heros
(99:04 / All) pusH]blZ: 3 heros
(99:05 / All) pusH]blZ: and a tower
(99:07 / All) KeKeZergRush: shit you learned to count from sesame street too
(99:10 / All) KeKeZergRush: high five
(99:19 / All) pusH]blZ: i love ur base
(99:21 / All) pusH]blZ: its pretty
(99:22 / All) SERIOUSCRAFT: sounds like u mad
(99:33 / All) KeKeZergRush: if you find a pile of buildings pretty
(99:35 / All) KeKeZergRush: must be gay
(99:39 / All) KeKeZergRush: how do you like this brick
(99:56 / All) KeKeZergRush: what are you waiting for
(100:01 / All) KeKeZergRush: next christmas
(100:05 / All) pusH]blZ: all i gotta do is kill that burrow
(100:08 / All) pusH]blZ: and u cant have ur hero
(100:09 / All) pusH]blZ: ever again
(100:10 / All) pusH]blZ: Nigger
(100:11 / Allies) KeKeZergRush: trying to go around bas
(100:13 / Allies) KeKeZergRush: base
(100:16 / All) SERIOUSCRAFT: whoa!
(100:24 / All) KeKeZergRush: smartest thing you said whole game
(100:25 / All) SERIOUSCRAFT: could you please be manner
(100:59 / Allies) KeKeZergRush: you knows what funny
(101:01 / All) pusH]blZ: can u see my shade
(101:02 / All) pusH]blZ: In ur base
(101:05 / Allies) KeKeZergRush: even if we defend this
(101:12 / All) pusH]blZ: Its on ur mk
(101:14 / Allies) KeKeZergRush: cant ever get back on island
(101:21 / All) SERIOUSCRAFT: ill get right on that
(102:28 / Allies) KeKeZergRush: only prob when they spread so far apart
(102:33 / All) SERIOUSCRAFT: Frosties attack!
(102:40 / All) SERIOUSCRAFT: But it's not very effective...
(102:49 / All) KeKeZergRush: tanks used barrage
(102:51 / All) KeKeZergRush: super effective
(102:58 / All) KeKeZergRush: frosties fainted
(103:04 / All) KeKeZergRush: better get your ass back to the pokecenter
(103:06 / All) SERIOUSCRAFT: Daisho is now level 7!
(103:23 / All) pusH]blZ: im level 10
(103:25 / All) pusH]blZ: so its all good
(103:36 / All) KeKeZergRush: so good drop him again without a tp
(103:38 / All) KeKeZergRush: biatch
(103:43 / All) pusH]blZ: nah
(103:44 / All) pusH]blZ: Its ok
(103:57 / All) KeKeZergRush: sniff sniff
(104:00 / All) KeKeZergRush: i smell pussy
(104:14 / All) KeKeZergRush: here comes lame your mom come back
(104:28 / All) KeKeZergRush: coudlnt even afford that
(104:29 / All) KeKeZergRush: too bad
(104:56 / Allies) KeKeZergRush: that should be empty by now right
(106:38 / Allies) KeKeZergRush: wish for hawks
(107:03 / Allies) KeKeZergRush: try to pull these frosties
(107:41 / All) pusH]blZ: bad ass
(107:44 / All) SERIOUSCRAFT: Frostie faints!
(107:55 / All) KeKeZergRush: ud trainer pees his pants
(107:56 / All) pusH]blZ: building another
(107:57 / All) SERIOUSCRAFT: Morlune the Mighty is now Level 4!
(108:08 / Allies) KeKeZergRush: mk is 5
(108:35 / All) SERIOUSCRAFT: DK uses Death Coil!
(108:42 / All) KeKeZergRush: tickles
(108:42 / All) SERIOUSCRAFT: But it's not very effective...
(108:56 / Allies) KeKeZergRush: didnt know it was there
(113:28 / Allies) SERIOUSCRAFT: Fiend hits!
(114:29 / All) SERIOUSCRAFT: 200 food of shitnoob army hits!
(114:38 / All) SERIOUSCRAFT: Shitnoob Army faints!
(114:44 / Allies) KeKeZergRush: can build shop
(114:46 / Allies) KeKeZergRush: sell items
(114:48 / Allies) KeKeZergRush: rez pala
(114:53 / Allies) KeKeZergRush: 200 gold
(115:15 / All) pusH]blZ: u guys are te rrible
(115:19 / All) pusH]blZ: have fun staying up all night
(115:19 / All) pusH]blZ: afk
(115:20 / Allies) KeKeZergRush: 130/30
(115:29 / All) SERIOUSCRAFT: it looks like all of your shit died
(115:31 / All) KeKeZergRush: may the better internet connect win
(115:34 / All) pusH]blZ: i have 10k gold
(115:37 / All) pusH]blZ: im rebuilding
(115:39 / All) pusH]blZ: everything
(115:44 / All) KeKeZergRush: not everything
(115:48 / All) pusH]blZ: yes everything
(115:55 / Allies) KeKeZergRush: destroy smith?
(116:06 / Allies) KeKeZergRush: space for shop
(116:18 / Allies) KeKeZergRush: or these farms maybe
(116:34 / Allies) KeKeZergRush: ur shop is smaller i think
(117:10 / Allies) KeKeZergRush: okay
(117:14 / Allies) KeKeZergRush: should be good
(117:41 / Allies) KeKeZergRush: sell talis
(117:43 / Allies) KeKeZergRush: then if i have to
(117:46 / Allies) KeKeZergRush: strength belt
(118:28 / Allies) KeKeZergRush: tp scroll?
(118:31 / Allies) KeKeZergRush: that is useful tho
(118:56 / Allies) KeKeZergRush: change
(119:03 / Allies) KeKeZergRush: running to bathroom if pala rez
(119:06 / Allies) KeKeZergRush: staff worst tank
(120:49 / Allies) KeKeZergRush: heal 3 or shield 3?
(120:53 / Allies) KeKeZergRush: heal
(121:07 / Allies) KeKeZergRush: of course
(121:15 / Allies) KeKeZergRush: make one mistake
(121:38 / Allies) KeKeZergRush: one of best items
(121:52 / Allies) KeKeZergRush: ne staff is a little better tho
(122:01 / Allies) KeKeZergRush: cause it works even with para
(122:02 / Allies) KeKeZergRush: yeah i know
(122:16 / Allies) KeKeZergRush: well that and i think it works on netted stuff
(122:21 / Allies) KeKeZergRush: and what not
(122:26 / Allies) KeKeZergRush: could be wrong
(123:14 / Allies) KeKeZergRush: yeah
(123:16 / Allies) KeKeZergRush: good stuff
(123:21 / Allies) KeKeZergRush: was tryingf to keep you alive
(123:40 / Allies) KeKeZergRush: wait say that again
(124:01 / Allies) KeKeZergRush: invul tho
(124:06 / Allies) KeKeZergRush: good shit
(124:43 / Allies) KeKeZergRush: lost only 1 that time tho
(124:48 / Allies) KeKeZergRush: first time lost what 7
(125:09 / Allies) KeKeZergRush: yeah so 7
(125:18 / Allies) KeKeZergRush: and their heroes this time too
(125:59 / Allies) KeKeZergRush: what i wouldnt give for a zepp right about now
(129:29 / Allies) KeKeZergRush: thats everything
(129:58 / Allies) KeKeZergRush: son of a bitch
(130:36 / Allies) KeKeZergRush: i sawh im
(130:58 / Allies) KeKeZergRush: guess not
(131:04 / All) KeKeZergRush: wakey wakey
(131:10 / All) KeKeZergRush: eggs and bakey
(131:48 / Allies) KeKeZergRush: there they are
(131:57 / Allies) KeKeZergRush: thats a lot of frosties
(139:49 / Allies) KeKeZergRush: i still think the one when we took top left corner
(141:47 / Allies) KeKeZergRush: should have dropped damn sheep
(141:52 / Allies) KeKeZergRush: from shop
(141:53 / Allies) KeKeZergRush: anything
(143:17 / Allies) KeKeZergRush: i think they are moving wyrms
(145:28 / All) KeKeZergRush: isnt it past your guys bedtimes
(147:58 / All) KeKeZergRush: hey i saw you move that
(148:01 / All) KeKeZergRush: afk liars
(148:17 / All) pusH]blZ: just came back for a second acually to see whats going down
(148:21 / All) pusH]blZ: i have the flu
(148:24 / All) pusH]blZ: and im goin to sleep now
(148:26 / All) KeKeZergRush: yeah really
(148:28 / All) SERIOUSCRAFT: gg
(148:34 / All) pusH]blZ: 101.3 fever
(148:36 / All) pusH]blZ: sucks
(148:41 / All) pusH]blZ: stfu
(148:45 / All) KeKeZergRush: that is my favorite radio station
(148:47 / All) pusH]blZ: u kids got school tom?
(148:53 / All) KeKeZergRush: 101.3 fever
(148:56 / All) SERIOUSCRAFT: you are in no condition to be playing video games young man!
(149:10 / All) pusH]blZ: im acually 19 u dumb fuck
(149:22 / All) pusH]blZ: peace
(149:24 / All) pusH]blZ: niggers
(149:27 / All) SERIOUSCRAFT: gg
(149:31 / All) SERIOUSCRAFT: get well
(149:37 / All) pusH]blZ: thanks
(149:39 / All) KeKeZergRush: hoping for the best
(149:42 / All) pusH]blZ: have fun killing 30 frosties
(149:45 / All) pusH]blZ: while we afk
(149:51 / All) pusH]blZ: wait u cant get off the island i forgot
(149:52 / All) KeKeZergRush: 30 more
(149:59 / All) SERIOUSCRAFT: dont be so sure!
(149:59 / All) KeKeZergRush: we killed like 80 already
(150:07 / All) SERIOUSCRAFT: we're just waiting for you to go to sleep :)
(150:14 / All) pusH]blZ: k bai
(150:21 / All) KeKeZergRush: you dad gave me extra key
(150:27 / All) KeKeZergRush: going to unplug your computer
(153:35 / All) KeKeZergRush: stop moving units
(153:36 / All) KeKeZergRush: liar
(153:51 / All) SERIOUSCRAFT: hey you shouldn't fib like that
(156:10 / All) KeKeZergRush: moved again
(156:12 / All) KeKeZergRush: stop it
(160:00 / Allies) KeKeZergRush: me?
(160:09 / Allies) KeKeZergRush: just damaging
(165:08 / All) KeKeZergRush: moved again
(180:30 / Allies) KeKeZergRush: must have patched it
(183:36 / Allies) KeKeZergRush: what are you going over there
(183:42 / Allies) KeKeZergRush: beating your desk up
(186:02 / Allies) KeKeZergRush: i staffed your bm to the image
(186:06 / Allies) KeKeZergRush: to see what would happen
(188:24 / Allies) KeKeZergRush: imma staff mk to it
(188:46 / Allies) KeKeZergRush: damn it
(189:41 / Allies) KeKeZergRush: should i sell stuff to shop
(189:46 / Allies) KeKeZergRush: just on off chance we can get zepp
(191:22 / Allies) KeKeZergRush: ohh
(191:56 / Allies) KeKeZergRush: wonder if you can there is a chance i can place ivory tower on cliff
(192:19 / Allies) KeKeZergRush: not 100% sure
(192:38 / Allies) KeKeZergRush: easy 100 gold from selling potion and image wand
(193:28 / Allies) KeKeZergRush: 130 gold for shop
(193:39 / Allies) KeKeZergRush: nah i got enough now
(193:41 / Allies) KeKeZergRush: for shop
(193:46 / Allies) KeKeZergRush: got to buy tower tho
(193:58 / Allies) KeKeZergRush: kill this
(194:35 / Allies) KeKeZergRush: easiest way lose one tower
(194:58 / Allies) KeKeZergRush: ehh was almost dead anyway
(195:11 / Allies) KeKeZergRush: building
(195:11 / Allies) KeKeZergRush: ?
(195:22 / Allies) KeKeZergRush: kill that tower
(195:25 / Allies) KeKeZergRush: or build in my spot
(196:16 / Allies) KeKeZergRush: wonder how much for ivory tower
(196:51 / Allies) KeKeZergRush: 100 percent sure air cannot buy at shop right
(196:52 / Allies) KeKeZergRush: ?
(197:02 / Allies) KeKeZergRush: damn gyro cheap
(202:15 / Allies) KeKeZergRush: no word yet?
(206:34 / Allies) KeKeZergRush: so any verdict?
(209:48 / Allies) KeKeZergRush: sell what iems
(209:50 / Allies) KeKeZergRush: items?
(210:09 / Allies) KeKeZergRush: gyro going
(210:26 / Allies) KeKeZergRush: get heroes to main land
(210:35 / Allies) KeKeZergRush: then take out any lose towers
(210:39 / Allies) KeKeZergRush: bring tanks
(210:43 / Allies) KeKeZergRush: lure
(210:46 / Allies) KeKeZergRush: frosts away
(210:50 / Allies) KeKeZergRush: need zepp to survive tho
(211:10 / Allies) KeKeZergRush: 240
(211:13 / Allies) KeKeZergRush: 240 gold
(211:19 / Allies) KeKeZergRush: need 130 more
(212:30 / Allies) KeKeZergRush: 2 i guess right
(212:32 / Allies) KeKeZergRush: enough for 2
(213:16 / Allies) KeKeZergRush: i would prefer to either get level 6 off towers
(213:20 / Allies) KeKeZergRush: and lure their units away
(213:43 / Allies) KeKeZergRush: putting sheep here
(214:03 / Allies) KeKeZergRush: alright what you wanna do
(214:16 / Allies) KeKeZergRush: no
(214:25 / Allies) KeKeZergRush: no answering the vent quies
(214:27 / Allies) KeKeZergRush: ques
(215:06 / Allies) KeKeZergRush: we should kill their units
(215:09 / Allies) KeKeZergRush: in case they come back
(215:29 / Allies) KeKeZergRush: tanks on hold pos
(215:38 / Allies) KeKeZergRush: ill bolt a frost and draw it away
(215:55 / Allies) KeKeZergRush: no movement
(216:12 / Allies) KeKeZergRush: hero tank damage
(216:59 / Allies) KeKeZergRush: avatar
(217:02 / Allies) KeKeZergRush: immune to frost
(217:17 / Allies) KeKeZergRush: i say hold pos here
(217:20 / Allies) KeKeZergRush: fine'
(217:28 / Allies) KeKeZergRush: just afraid
(217:40 / Allies) KeKeZergRush: just afraid they come bacjk
(217:45 / Allies) KeKeZergRush: would rather they not have anything
(217:57 / Allies) KeKeZergRush: so they say
(218:06 / Allies) KeKeZergRush: guess if they were low would unsummon tho
(218:21 / Allies) KeKeZergRush: shredder
(219:47 / Allies) KeKeZergRush: now frosties please
(220:25 / Allies) KeKeZergRush: hopefully
(221:04 / Allies) KeKeZergRush: done
(221:43 / Allies) KeKeZergRush: you can invis to give me sight
(221:56 / Allies) KeKeZergRush: hit closest to us
(222:29 / Allies) KeKeZergRush: wonder if i can pull dk
(222:51 / Allies) KeKeZergRush: hold pos
(222:58 / Allies) KeKeZergRush: try frost
(224:05 / Allies) KeKeZergRush: 2 tanks
(224:08 / Allies) KeKeZergRush: i staffed one
(224:22 / Allies) KeKeZergRush: 360 more
(224:50 / Allies) KeKeZergRush: staff of preserve
(224:54 / Allies) KeKeZergRush: 125
(225:33 / Allies) KeKeZergRush: 230 more
(226:11 / Allies) KeKeZergRush: should i bring more?
(226:14 / Allies) KeKeZergRush: take out that tower?
(226:17 / Allies) KeKeZergRush: mort
(227:11 / Allies) KeKeZergRush: yep and i was trying to light him
(227:27 / Allies) KeKeZergRush: bring mort?
(227:48 / Allies) KeKeZergRush: still far out
(228:11 / Allies) KeKeZergRush: mk back
(228:15 / Allies) KeKeZergRush: avatar at drop of hat
(229:11 / Allies) KeKeZergRush: mk not enough mana for avatar
(229:42 / Allies) KeKeZergRush: i can divine shield and push their units away from main
(230:09 / Allies) KeKeZergRush: brb peeing
(230:43 / Allies) KeKeZergRush: back
(230:51 / Allies) KeKeZergRush: can carry everyone
(230:52 / Allies) KeKeZergRush: haha
(230:54 / Allies) KeKeZergRush: tanks too big
(231:22 / Allies) KeKeZergRush: you know what can work too
(231:25 / Allies) KeKeZergRush: send mk in avatar
(231:32 / Allies) KeKeZergRush: let dk chase mk
(231:37 / Allies) KeKeZergRush: because frosts cant attack mk
(231:39 / Allies) KeKeZergRush: in avatar
(231:41 / Allies) KeKeZergRush: and pull him out
(232:05 / Allies) KeKeZergRush: magic damage
(232:07 / Allies) KeKeZergRush: i dont think
(232:50 / Allies) KeKeZergRush: sell wand for more gold
(234:44 / Allies) KeKeZergRush: more towers and workers
(235:08 / Allies) KeKeZergRush: overkill
(237:19 / Allies) KeKeZergRush: getting there
(239:29 / Allies) KeKeZergRush: is it normal for aco to attack hero auto?
(240:03 / Allies) KeKeZergRush: maybe it was trapped against wall
(240:13 / Allies) KeKeZergRush: couldnt run
(240:34 / Allies) KeKeZergRush: i still think avatar immune to frost
(241:01 / Allies) KeKeZergRush: ill staff
(241:09 / Allies) KeKeZergRush: got it
(242:05 / Allies) KeKeZergRush: well
(242:22 / Allies) KeKeZergRush: or can attack them and push them away from building to kill
(242:27 / Allies) KeKeZergRush: unless since they hold theyreturn to spot
(242:35 / Allies) KeKeZergRush: if they are on hold
(242:38 / Allies) KeKeZergRush: they are not tho
(242:40 / Allies) KeKeZergRush: cause they chased
(242:46 / Allies) KeKeZergRush: if you attack and they cannot hit back
(242:53 / Allies) KeKeZergRush: they will run
(242:58 / Allies) KeKeZergRush: wait lets try this
(244:01 / Allies) KeKeZergRush: push one of them towards us
(244:05 / Allies) KeKeZergRush: or away to top right corner
(244:06 / Allies) KeKeZergRush: ?
(245:28 / Allies) KeKeZergRush: back
(245:44 / Allies) KeKeZergRush: this is sick
(246:00 / Allies) KeKeZergRush: sending pala alone for light and reg damage
(246:07 / Allies) KeKeZergRush: wanna stack orb on him
(246:12 / Allies) KeKeZergRush: for regular attack up
(246:23 / Allies) KeKeZergRush: takinjg ur light orb
(246:24 / Allies) KeKeZergRush: for now
(247:38 / Allies) KeKeZergRush: can you imagine when they come back to find they lost
(247:40 / Allies) KeKeZergRush: and rewatch replay
(248:25 / Allies) KeKeZergRush: you there?
(261:34 / All) KeKeZergRush: sorry guys
(261:36 / All) KeKeZergRush: you lose
(261:38 / All) KeKeZergRush: never afk with us
(261:40 / All) KeKeZergRush: ever
(261:41 / All) KeKeZergRush: ever